 Dungeon Crawl Stone Soup version 0.27-a0-1105-g946c659c87 (webtiles) character file.

Game seed: 2480814304144778572

65 lorenzova the Conjurer (level 3, 0/19 HPs)
             Began as a Deep Elf Conjurer on Apr 29, 2021.
             Slain by an adder (2 damage)
             ... on level 1 of the Dungeon.
             The game lasted 00:02:22 (2010 turns).

lorenzova the Conjurer (Deep Elf Conjurer)          Turns: 2010, Time: 00:02:22

Health: 0/19       AC:  2    Str:  4    XL:     3   Next: 94%
Magic:  2/11       EV: 12    Int: 23    God:
Gold:   11         SH:  0    Dex: 13    Spells: 10/11 levels left

rFire    . . .     SeeInvis .   (no weapon)
rCold    . . .     Faith    .   (no shield)
rNeg     . . .     Spirit   .   a - +0 robe
rPois    .         Reflect  .   (no helmet)
rElec    .         Harm     .   (no cloak)
rCorr    .         Rampage  .   (no gloves)
Will     .....                  (no boots)
Stlth    ++........             (no amulet)
HPRegen  0.06/turn              (no ring)
MPRegen  0.12/turn              (no ring)

@: no status effects
A: no striking features
a: no special abilities


You were on level 1 of the Dungeon.
You visited 1 branch of the dungeon, and saw 2 of its levels.

You collected 11 gold pieces.

Inventory:

Armour
 a - a +0 robe (worn)
Jewellery
 i - an amulet of faith
Scrolls
 c - a scroll of amnesia {unknown}
 f - 2 scrolls of identify {unknown}
 g - a scroll of fog {unknown}
Potions
 b - a potion of berserk rage {unknown}
 d - a potion of degeneration {unknown}
 e - 2 potions of might {unknown}
 h - a potion of curing {unknown}


   Skills:
 - Level 2.4 Dodging
 - Level 2.4 Stealth
 + Level 4.6 Spellcasting
 + Level 5.3 Conjurations


You had 10 spell levels left.
You knew the following spells:

 Your Spells              Type           Power      Damage    Failure   Level
a - Magic Dart            Conj           100%       1d8       1%          1

Your spell library contained the following spells:

 Spells                   Type           Power      Damage    Failure   Level
 Searing Ray              Conj           58%        3d5       1%          2
 Dazzling Flash           Conj/Hex       34%        N/A       10%         3
 Fulminant Prism          Conj/Hex       8%         3d7       32%         4
 Iskenderun's Mystic Bla  Conj/Tloc      17%        2d5       32%         4


Dungeon Overview and Level Annotations

Branches:
Dungeon (2/15)

Altars:

Shops:
D:1 ?


Message History

The adder is lightly wounded.
The adder completely misses you. The adder misses you.
Casting: Magic Dart (safe; 1% risk of failure)
Confirm with . or Enter, or press ? or * to list all spells.
You don't know that spell.
Casting: Magic Dart (safe; 1% risk of failure)
Confirm with . or Enter, or press ? or * to list all spells.
You don't know that spell.
The adder barely misses you.
There is a stone staircase leading up here.
Casting: Magic Dart (safe; 1% risk of failure)
Confirm with . or Enter, or press ? or * to list all spells.
You don't know that spell.
The adder closely misses you.
You climb upwards.
There is a stone staircase leading down here.
The adder bites you.
* * * LOW HITPOINT WARNING * * *
There is a stone staircase leading down here.
Casting: Magic Dart (safe; 1% risk of failure)
Confirm with . or Enter, or press ? or * to list all spells.
You don't know that spell.
Casting: Magic Dart (safe; 1% risk of failure)
Confirm with . or Enter, or press ? or * to list all spells.
Aiming: Magic Dart (safe; 1% risk of failure)
Press: ? - help, Shift-Dir - straight line, f - adder
Aim: an adder (lightly wounded, 100% to hit)
The magic dart hits the adder.
The adder is heavily wounded.
The adder bites you.
* * * LOW HITPOINT WARNING * * *
Casting: Magic Dart (safe; 1% risk of failure)
Confirm with . or Enter, or press ? or * to list all spells.
Aiming: Magic Dart (safe; 1% risk of failure)
Press: ? - help, Shift-Dir - straight line, f/p - adder
Aim: an adder (heavily wounded, 100% to hit)
The magic dart hits the adder.
The adder is almost dead.
The adder bites you.
You die...

####### ##.## #†# #.....#
##.#.#######.#####
#.....######.###.##.).......#
#...........## ##.#.###.###.#
#.....######>###.##.# #.# #.#
#.....# ##.#.###.# #.###.#
###.### #>....##.# #...... #.#
#S#.#.##.# #####.# ######.###
#@#......# ##)# #........#
#.#+#.#### ##... #.####.#.#
#.....# ##†... #.####.#.#
##.....## #..... #.##..(..#
##.......## ##...(.
#.##.#...####.........####......
#.#####.....'.........'.......##
##.#####..)###.>.......##.......#
...#.......# ##.......###.##.##.#


You could see an adder.

Vanquished Creatures
  2 adders (D:2)
  A dart slug (D:2)
  4 ball pythons (D:1)
  A bat (D:2)
  5 endoplasms
  4 giant cockroaches (D:1)
  3 goblins (D:1)
  2 hobgoblins (D:1)
  6 jackals (D:2)
  2 quokkas
  4 kobolds
  5 rats
39 creatures vanquished.

Notes
Turn   | Place    | Note
-------+----------+-------------------------------------------
     0 | D:1      | lorenzova the Deep Elf Conjurer began the quest for the
                  | Orb.
     0 | D:1      | Reached XP level 1. HP: 10/10 MP: 6/6
   264 | D:1      | Reached XP level 2. HP: 15/15 MP: 2/8
  1215 | D:1      | Found Kestunes's Magic Scroll Shop.
  1463 | D:2      | Reached skill level 5 in Conjurations
  1463 | D:2      | Reached XP level 3. HP: 19/19 MP: 6/10
  2010 | D:1      | Slain by an adder

Illustrated notes

Levels and vault maps discovered:
D:1:      elethiomel_arrival_maze, layout_loops_corners, serial_shops, shop
D:2:      layout_loops_cross, ebering_ecumenical_altar_sacrificial,
          minmay_quantized

Skill      XL: |  1  2 |
---------------+-------+-----
Spellcasting   | 4 |  4.6
Conjurations   | 5 |  5.3
Dodging        | |  2.4
Stealth        | |  2.4

Action                   || total
-------------------------++-------
Melee: Unarmed           ||     1
 Cast: Magic Dart        ||    87
Armor: Robe              ||     2
Dodge: Dodged            ||    13

Table legend: (Time is in decaauts)
 A = Elapsed time spent in this place.
 B = Non-inter-level travel time spent in this place.
 C = Inter-level travel time spent in this place.
 D = Time resting spent in this place.
 E = Time spent auto-exploring this place.
 F = Levels seen in this place.
 G = Mean time per level.
                   A        B        C        D        E       F      G
               +--------+--------+--------+--------+--------+-----+--------+
         Total |   2010 |   1913 |     97 |    688 |   1056 |   2 | 1005.0 |
       Dungeon |   2010 |   1913 |     97 |    688 |   1056 |   2 | 1005.0 |
               +--------+--------+--------+--------+--------+-----+--------+

Top non-repeatable levels by time:
     D:1: 1425 daAuts
     D:2: 584 daAuts
